 Dungeon Crawl Stone Soup version 0.27-a0-836-gfc908b8576 (webtiles) character file.

Game seed: 11365980632518241379

12 Alarkh the Skirmisher (level 2, 24/24 HPs)
             Began as a Demonspawn Monk on Apr 1, 2021.
             Got out of the dungeon alive.
             The game lasted 00:01:04 (514 turns).

Alarkh the Skirmisher (Demonspawn Monk)              Turns: 514, Time: 00:01:04

Health: 24/24      AC:  2    Str: 11    XL:     2   Next: 20%
Magic:  2/2        EV: 12    Int: 11    God:
Gold:   38         SH:  0    Dex: 15    Spells: 1/1 levels left

rFire    . . .     SeeInvis .     - Unarmed
rCold    . . .     Faith    .   (no shield)
rNeg     . . .     Spirit   .   a - +0 robe
rPois    .         Reflect  .   (no helmet)
rElec    .         Harm     .   (no cloak)
rCorr    .         Rampage  .   (no gloves)
Will     .....                  (no boots)
Stlth    ++........             (no amulet)
HPRegen  0.08/turn              (no ring)
MPRegen  0.08/turn              (no ring)

@: no status effects
A: foul stench 1
a: no special abilities


You escaped.
You visited 1 branch of the dungeon, and saw 1 of its levels.

You collected 38 gold pieces.

Inventory:

Armour
 a - a +0 robe (worn)
Scrolls
 c - a scroll of amnesia {unknown}


   Skills:
 + Level 3.2 Fighting
 - Level 2.6 Dodging
 - Level 1.7 Stealth
 * Level 3.1 Unarmed Combat


You had one spell level left.
You didn't know any spells.
Your spell library was empty.

Dungeon Overview and Level Annotations

Branches:
Dungeon (1/15)

Altars:


Innate Abilities, Weirdness & Mutations

You may rarely emit foul miasma when damaged in melee.


Message History

You are too injured to fight recklessly!
You are too injured to fight recklessly!
You are too injured to fight recklessly!
You hit the goblin.
You kill the goblin!
You feel sick.
You feel sick.
You see here a +2 dagger of venom.
You feel sick. The frilled lizard barely misses you.
You closely miss the frilled lizard.
You feel sick. The frilled lizard closely misses you.
You hit the frilled lizard.
You kill the frilled lizard!
You feel sick.
You feel sick.
Found a scroll labelled XEYWNO JO JERGH.
It was a potion of lignification.
You turn into a tree.
Your +0 robe melds into your body.
Your roots penetrate the ground.
You feel sick.
You are no longer poisoned.
You cannot move.
A quokka is nearby!
A quokka is nearby!
The quokka bites you but does no damage.
You smack the quokka!
You kill the quokka!
You cannot move.
You start resting.
Your transformation is almost over.
You start resting.
You feel less wooden.
Your +0 robe unmelds from your body.
You start resting.
HP restored.
You start resting.
HP restored.
You see here a +2 dagger of venom.
There is a staircase leading out of the dungeon here.
Are you sure you want to leave the Dungeon?
This will make you lose the game!
You have escaped!

.......†.....##### #.##.....####.
.####...#..†.....###.##..........
..# ######.............#....###..
#.## ##..♣♣♣♣♣♣♣♣♣..#....##...
#..## ##...♣PP..PP..♣.#...†...#.
##..# #..#.♣PP..P(..♣.#.....###.
###.## #.#..♣..PP...P♣.#.....#...
###..# #....♣..P...PP♣.####......
.).#.####...♣PP.@.P..♣........###
...#.#......♣P..[PP..♣..####..#..
...#...÷..#.♣...P..PP♣..>.......#
...###....#.♣..PP..PP♣....##..#..
...# #....#..♣♣♣♣♣♣♣♣♣........###
...# #.................#.......##
#### #......#......####..#...#..#
#........#######...##...##.#
#...##.#######...####...##..


There were no monsters in sight!

Vanquished Creatures
  2 endoplasms (D:1)
  A giant cockroach (D:1)
  A goblin (D:1)
  A hobgoblin (D:1)
  A kobold (D:1)
  A quokka (D:1)
  A bat (D:1)
  A frilled lizard (D:1)
  2 rats (D:1)
11 creatures vanquished.

Notes
Turn   | Place    | Note
-------+----------+-------------------------------------------
     0 | D:1      | Alarkh the Demonspawn Monk began the quest for the Orb.
     0 | D:1      | Reached XP level 1. HP: 18/18 MP: 1/1
   193 | D:1      | Gained mutation: You may rarely emit foul miasma when
                  | damaged in melee. [demonic ancestry]
   193 | D:1      | Reached XP level 2. HP: 12/24 MP: 2/2
   514 | D:$      | Got out of the dungeon alive.

Illustrated notes

Levels and vault maps discovered:
D:1:      scummos_arrival_checkerplants, layout_rooms, serial_curves,
          eino_curves_02, eino_curves_04, minmay_pentomino_s4

Skill      XL: |  1 |
---------------+----+-----
Unarmed Combat | 3 |  3.1
Fighting       | |  3.2
Dodging        | |  2.6
Stealth        | |  1.7

Action                   || total
-------------------------++-------
Melee: Unarmed           ||    32
  Use: Potion            ||     1
 Stab: Sleeping          ||     4
Armor: Robe              ||     7
       Skin              ||     1
Dodge: Dodged            ||    14

Table legend: (Time is in decaauts)
 A = Elapsed time spent in this place.
 B = Non-inter-level travel time spent in this place.
 C = Inter-level travel time spent in this place.
 D = Time resting spent in this place.
 E = Time spent auto-exploring this place.
 F = Levels seen in this place.
 G = Mean time per level.
                   A        B        C        D        E       F      G
               +--------+--------+--------+--------+--------+-----+--------+
         Total |    512 |    451 |     61 |    240 |    125 |   1 |  512.0 |
       Dungeon |    512 |    451 |     61 |    240 |    125 |   1 |  512.0 |
               +--------+--------+--------+--------+--------+-----+--------+

Top non-repeatable levels by time:
     D:1: 512 daAuts
